 Dungeon Crawl Stone Soup version 0.25-a0-167-g836c352ace (console) character file.

Game seed: 14734508536308412426, levelgen mode: deterministic

14448 Kagalorn the Fighter (level 11, -7/104 HPs)
             Began as a Centaur Air Elementalist on Nov 25, 2019.
             Was a Believer of Ashenzari.
             Mangled by a polar bear (11 damage)
             ... in an ice cave.
             The game lasted 00:55:52 (15182 turns).

Kagalorn the Fighter (Centaur Air Elementalist)    Turns: 15182, Time: 00:55:52

Health: -7/104     AC: 16    Str: 10    XL:     11   Next: 88%
Magic:  14/18      EV: 10    Int: 17    God:    Ashenzari [**....]
Gold:   325        SH:  0    Dex: 11    Spells: 9/20 levels left

rFire    . . .     SeeInvis .   F - +6 flail (protect) (curse)
rCold    . . .     Gourm    .   (no shield)
rNeg     + . .     Faith    .   n - +2 robe {rN+}
rPois    +         Spirit   .   W - +2 helmet of Xaapnoud {+Inv} (curse)
rElec    .         Reflect  .   t - +2 cloak
rCorr    .         Harm     .   z - +0 pair of gloves
MR       .....                  (no barding)
Stlth    +.........             (no amulet)
HPRegen  0.27/turn              G - +3 ring of protection
MPRegen  0.16/turn              J - ring of poison resistance

@: very quick
A: large, hooves 3, deformed body, speed 2, tough skin 3
a: Curse Item, Scrying, Renounce Religion, Evoke Invisibility


You were in an ice cave.
You worshipped Ashenzari.
Ashenzari was pleased with you.
You were not hungry.

You visited 3 branches of the dungeon, and saw 12 of its levels.
You also visited: Ossuary and Ice Cave.

You collected 608 gold pieces.
You spent 283 gold pieces at shops.

Inventory:

Hand Weapons
 e - a +0 spear
 F - a cursed +6 flail of protection (weapon)
 P - a +0 shortbow
Missiles
 b - 230 arrows
 f - 139 bolts
 w - 9 javelins
 E - a throwing net
 Z - 20 poisoned darts (quivered)
Armour
 n - a +2 robe of positive energy (worn)
 o - a +1 leather armour of fire resistance
 t - a +2 cloak (worn)
 z - a +0 pair of gloves (worn)
 C - a +2 shield
 W - the cursed +2 helmet of Xaapnoud (worn) {+Inv}
   (You bought it in a shop on level 9 of the Dungeon)

   It lets you turn invisible.
   It has a curse placed upon it.
Jewellery
 j - an uncursed amulet of rage
 G - a +3 ring of protection (left hand)
 J - a ring of poison resistance (right hand)
Wands
 g - a wand of digging (7)
 r - a wand of enslavement (22)
 s - a wand of paralysis (7)
 A - a wand of polymorph (4)
 O - a wand of iceblast (8)
 Q - a wand of scattershot (8)
 T - a wand of clouds (2)
 X - a wand of flame (29)
Scrolls
 i - 3 scrolls of enchant armour {unknown}
 k - 4 scrolls of blinking {unknown}
 l - 7 scrolls of teleportation
 m - 3 scrolls of fog {unknown}
 u - 3 scrolls of enchant weapon {unknown}
 v - 4 scrolls of remove curse
 y - 2 scrolls of amnesia {unknown}
 M - 2 scrolls of noise {unknown}
 R - a scroll of random uselessness {unknown}
 U - 2 scrolls of magic mapping
 V - a scroll of immolation {unknown}
Potions
 a - 3 potions of resistance
 d - 2 potions of invisibility
 h - 2 potions of lignification
 p - 2 potions of mutation
 x - 2 potions of cancellation
 D - 2 potions of curing
 H - 5 potions of heal wounds
 K - a potion of might
 L - 2 potions of berserk rage
 N - 3 potions of brilliance
 S - 2 potions of haste
Comestibles
 c - 8 rations


   Skills:
 - Level 12.0 Fighting
 * Level 8.3 Bows
 - Level 1.3 Dodging
 - Level 1.1 Stealth
 * Level 2.9 Shields
 - Level 5.0 Spellcasting
 - Level 6.0 Conjurations
 - Level 4.0 Fire Magic
 - Level 7.0 Air Magic
 * Level 3.6 Evocations


You had 9 spell levels left.
You knew the following spells:

 Your Spells              Type           Power        Failure   Level  Hunger
a - Shock                 Conj/Air       ####         1%          1    None
b - Static Discharge      Conj/Air       ####....     3%          3    ###....
c - Airstrike             Air            ####......   8%          4    ####...
d - Conjure Flame         Conj/Fire      ###.....     5%          3    ###....

Your spell library contained the following spells:

 Spells                   Type           Power        Failure   Level  Hunger
 Magic Dart               Conj           ###.         1%          1    None
 Searing Ray              Conj           ###...       1%          2    #......
 Swiftness                Chrm/Air       ###.....     4%          2    #......
 Mephitic Cloud           Conj/Pois/Air  ###.....     7%          3    ###....
 Dazzling Spray           Conj/Hex       ##....       12%         3    ###....
 Iskenderun's Mystic Bla  Conj           ###.....     12%         4    ####...
 Animate Skeleton         Necr           N/A          14%         1    None
 Beastly Appendage        Tmut           #.....       14%         1    None
 Confusing Touch          Hex            #.....       14%         1    None
 Pain                     Necr           #...         14%         1    None
 Blink                    Tloc           N/A          22%         2    #......
 Call Imp                 Summ           #.......     22%         2    #......
 Slow                     Hex            #.......     22%         2    #......
 Sticks to Snakes         Tmut           #.......     22%         2    #......
 Lightning Bolt           Conj/Air       ####......   26%         5    ######.
 Confuse                  Hex            #.......     38%         3    ###....
 Gell's Gravitas          Tloc           #.........   38%         3    ###....
 Regeneration             Chrm/Necr      #.........   38%         3    ###....
 Spider Form              Tmut/Pois      #.........   38%         3    ###....
 Vampiric Draining        Necr           #.........   38%         3    ###....
 Force Lance              Conj/Tloc      ##......     38%         4    ####...
 Fulminant Prism          Conj/Hex       ##........   38%         4    ####...
 Animate Dead             Necr           N/A          80%         4    ####...
 Ice Form                 Ice/Tmut       #.......     80%         4    ####...
 Petrify                  Tmut/Erth      #.......     80%         4    ####...
 Blade Hands              Tmut           #.........   98%         5    ######.
 Metabolic Englaciation   Hex/Ice        #.........   98%         5    ######.
 Yara's Violent Unravell  Hex/Tmut       #.........   98%         5    ######.


Dungeon Overview and Level Annotations

Branches:
Dungeon (10/15)            Temple (1/1) D:4            Lair (1/6) D:10
    Orc (0/2) D:9         Ossuary (visited)           IceCv (1/1)

Altars:
Ashenzari
Cheibriados
Dithmenos
Elyvilon
Fedhas
Gozag
Hepliaklqana
Kikubaaqudgha
Makhleb
Nemelex Xobeh
Okawaru
Qazlal
Ru
Sif Muna
Trog
Uskayaw
Vehumet
Wu Jian
Xom
Yredelemnul
Zin
The Shining One

Shops:
D:4 (   D:7 [   D:9 [*

Annotations:
Lair:1 exclusion: oklob plant


Innate Abilities, Weirdness & Mutations

You have hooves in place of feet.
Armour fits poorly on your strangely shaped body.
You cover ground very quickly.
You have extremely tough skin. (AC +3)


Message History

The polar bear is almost dead.
The polar bear bites you!
* * * LOW HITPOINT WARNING * * *
The polar bear claws you but does no damage. x2
The polar bear bites you!
* * * LOW HITPOINT WARNING * * *
The polar bear claws you but does no damage.
The polar bear barely misses you.
Press: ? - help, v - describe, . - travel
Here: a polar bear (almost dead, berserk, fast, unusually strong)
The floor.
Casting: Conjure Flame (safe; 5% risk of failure)
Confirm with . or Enter, or press ? or * to list all spells.
Aiming: Airstrike (safe; 8% risk of failure)
Press: ? - help, Dir - move target cursor, f - polar bear
Aim: a polar bear (almost dead, berserk, fast, unusually strong)
The air twists around and strikes the polar bear!
The polar bear is almost dead.
The polar bear bites you!
You die...

#.#....#.#..##..#
#..##..#.##.##..####
#..##...###..#..##.##
##.#≈##..####÷##.#...#
#.###≈####.##.##.#...#
#.#≈*≈≈##.#...#%##.#.##
#.## ######.##.#..#..#
#..# *
####..##h#.###÷## #÷##*
##.#..##@##.###..# #.##
#.....##.#..##..##
##.#####....#.##.###.##
#...##.#..##.###.###.#
#.#.#..#######≈#.##..#
###...## ≈≈##.##.##
##.## ≈ ≈ ##.###.#
##.#≈ * ≈ ≈#..##..#
#÷## ≈≈#.###..#


You could see a polar bear (berserk).

Vanquished Creatures
  2 hydras (Lair:1)
  Pikel (D:4)
  Maurice (D:8)
  A komodo dragon (D:10)
  Prince Ribbit (D:7)
  2 trolls (D:10)
  7 polar bears (IceCv)
  Sigmund (D:3)
  2 hippogriffs (D:10)
  15 yaks
  Edmund (D:6)
  A soldier ant (D:10)
  Duvessa (D:4)
  A water moccasin (D:9)
  4 ice beasts
  A sky beast (D:5)
  2 slaves (D:4)
  6 orc warriors
  3 phantoms
  A necrophage (D:10)
  4 centaurs
  5 ogres
  9 wolves (IceCv)
  A crocodile (D:9)
  A big kobold (D:8)
  2 elf zombies (Ossuary)
  5 bullfrogs
  Dowan (D:4)
  A wyvern skeleton (D:7)
  4 scorpions
  9 killer bees
  A howler monkey (D:6)
  3 crimson imps
  A bullfrog zombie (D:7)
  4 centaur zombies
  7 hounds
  A gnoll shaman (D:6)
  Crazy Yiuf (D:6)
  14 orc wizards
  3 centaur skeletons
  10 orc priests
  A bullfrog skeleton (D:8)
  2 iguanas
  Ijyb (D:4)
  Natasha (thrice) (D:3)
  12 worker ants
  2 big kobold zombies (Ossuary)
  2 mummies (Ossuary)
  A worker ant zombie (D:7)
  23 gnolls
  17 adders
  3 shadow imps
  An adder skeleton (D:8)
  An adder zombie (Ossuary)
  3 worms
  5 dart slugs
  11 leopard geckos
  52 orcs
  9 giant cockroaches
  8 goblins
  9 hobgoblins
  7 jackals
  9 kobolds
  2 quokkas
  7 bats
  10 frilled lizards
  9 hobgoblin zombies (Ossuary)
  9 kobold zombies
  9 orc zombies (Ossuary)
  A quokka zombie (D:5)
  7 rats
  3 rat zombies (Ossuary)
380 creatures vanquished.

Vanquished Creatures (others)
  3 plants
3 creatures vanquished.

Grand Total: 383 creatures vanquished

Notes
Turn   | Place    | Note
-------+----------+-------------------------------------------
     0 | D:1      | Kagalorn the Centaur Air Elementalist began the quest for
                  | the Orb.
     0 | D:1      | Reached XP level 1. HP: 14/14 MP: 3/3
    93 | D:1      | Reached skill level 1 in Conjurations
   100 | D:1      | Reached XP level 2. HP: 16/20 MP: 1/4
   585 | D:1      | Reached XP level 3. HP: 21/26 MP: 2/5
  1134 | D:2      | Learned a level 3 spell: Static Discharge
  1300 | D:2      | Reached XP level 4. HP: 13/33 MP: 1/7
  2296 | D:3      | Reached XP level 5. HP: 29/38 MP: 3/8
  2387 | D:3      | Noticed Natasha
  2401 | D:3      | Killed Natasha
  2551 | D:3      | Noticed Sigmund
  2888 | D:3      | Noticed Natasha
  2900 | D:3      | Killed Natasha
  3554 | D:4      | Noticed Duvessa
  3554 | D:4      | Noticed Dowan
  3674 | D:3      | Killed Sigmund
  3674 | D:3      | Reached XP level 6. HP: 28/45 MP: 0/11
  3815 | D:3      | Noticed Natasha
  3822 | D:3      | Killed Natasha
  4288 | D:4      | Killed Duvessa
  4288 | D:4      | Reached skill level 5 in Air Magic
  4288 | D:4      | Reached XP level 7. HP: 39/50 MP: 3/12
  4399 | D:4      | Found a staircase to the Ecumenical Temple.
  4429 | Temple   | Entered the Ecumenical Temple
  4749 | Temple   | Became a worshipper of Ashenzari the Shackled
  4882 | D:4      | Found Qyijupp's Weapon Shop.
  4894 | D:4      | Killed Dowan
  4985 | D:4      | Noticed Ijyb
  5200 | D:4      | Noticed Pikel
  5242 | D:4      | Killed Pikel
  5242 | D:4      | Reached XP level 8. HP: 33/57 MP: 5/15
  5279 | D:4      | Killed Ijyb
  5472 | D:5      | Entered Level 5 of the Dungeon
  5476 | D:5      | Reached skill level 5 in Spellcasting
  5476 | D:5      | Reached skill level 5 in Conjurations
  5482 | D:5      | Learned a level 4 spell: Airstrike
  5862 | D:5      | Learned a level 3 spell: Conjure Flame
  5878 | D:5      | Reached skill level 1 in Fighting
  6489 | D:6      | Reached skill level 1 in Fire Magic
  6489 | D:6      | Reached XP level 9. HP: 33/64 MP: 10/16
  6536 | D:6      | Reached skill level 2 in Fighting
  7031 | D:6      | Noticed Edmund
  7108 | D:6      | Killed Edmund
  7108 | D:6      | Reached skill level 3 in Fighting
  7597 | D:6      | Found a runed translucent door.
  7598 | D:6      | Noticed Crazy Yiuf
  7621 | D:6      | Killed Crazy Yiuf
  7717 | D:6      | Reached skill level 4 in Fighting
  7975 | D:6      | Reached * piety under Ashenzari
  8079 | D:6      | Found a sparkling altar of Nemelex Xobeh.
  8081 | D:6      | Found a shadowy altar of Dithmenos.
  8081 | D:6      | Found a shimmering altar of Xom.
  8084 | D:6      | Found a stormy altar of Qazlal.
  8084 | D:6      | Found a shimmering altar of Xom.
  8084 | D:6      | Found a blossoming altar of Fedhas.
  8326 | D:7      | Found Mioniha's Armour Shoppe.
  8393 | D:7      | Reached skill level 5 in Fighting
  8567 | D:7      | Found a burning altar of Makhleb.
  8623 | D:7      | Noticed Prince Ribbit
  8795 | D:7      | Reached skill level 6 in Fighting
  8944 | D:7      | Killed Prince Ribbit
  8962 | D:7      | Reached skill level 7 in Fighting
  9219 | D:8      | Found a sand-covered staircase.
  9311 | Ossuary  | Entered an ossuary
  9542 | Ossuary  | Reached XP level 10. HP: 77/86 MP: 9/17
  9791 | D:8      | Reached skill level 8 in Fighting
 10070 | D:8      | Noticed Maurice
 10155 | D:8      | Killed Maurice
 10155 | D:8      | Reached skill level 9 in Fighting
 10618 | D:9      | Found a staircase to the Orcish Mines.
 11156 | D:9      | Reached skill level 10 in Fighting
 11372 | D:9      | Found Juzihyni's General Store.
 11388 | D:9      | Bought a scroll of magic mapping for 45 gold pieces
 11388 | D:9      | Bought a scroll of teleportation for 39 gold pieces
 11472 | D:9      | Reached ** piety under Ashenzari
 11478 | D:9      | Reached skill level 5 in Bows
 11812 | D:9      | Found Olallegad's Antique Armour Boutique.
 11815 | D:9      | Bought a faintly humming helmet for 199 gold pieces
 11822 | D:9      | Identified the +2 helmet of Xaapnoud {+Inv} (You bought it
                  | in a shop on level 9 of the Dungeon)
 12096 | D:10     | Entered Level 10 of the Dungeon
 12611 | D:10     | Reached XP level 11. HP: 52/101 MP: 11/18
 12612 | D:10     | Reached skill level 1 in Evocations
 13146 | D:10     | Found a staircase to the Lair.
 13511 | D:10     | Reached skill level 11 in Fighting
 13511 | D:10     | Reached skill level 1 in Shields
 13708 | Lair:1   | Entered Level 1 of the Lair of Beasts
 13708 | Lair:1   | Noticed a five-headed hydra
 13709 | Lair:1   | Noticed an oklob plant
 13715 | Lair:1   | Killed a five-headed hydra
 13910 | Lair:1   | Found a frozen archway.
 13917 | Lair:1   | Noticed an eight-headed hydra
 13931 | Lair:1   | Killed an eight-headed hydra
 13953 | IceCv    | Entered an ice cave
 14473 | IceCv    | Reached skill level 12 in Fighting
 15178 | IceCv    | HP: 3/104 [polar bear (10)]
 15182 | IceCv    | Mangled by a polar bear

Levels and vault maps discovered:
D:1:      matt_arrival_refuge, layout_rooms
D:2:      layout_loops_ring, first_ration
D:3:      layout_loops_cross, kennysheep_generic_room_12, uniq_natasha,
          uniq_sigmund
D:4:      layout_rooms, minmay_temple_entry_hall, serial_shops, shop, uniq_ijyb,
          uniq_pikel, uniq_duvessa
D:5:      layout_loops_ring, serial_park_tiny_pond, minivault_26
D:6:      minmay_octagon_keep, layout_cave_pods, doesnt_xom_only_xom,
          uniq_edmund, uniq_crazy_yiuf_cottage
D:7:      layout_cave_pools, marbit_many_paths, serial_shops,
          kennysheep_little_box, uniq_prince_ribbit1
D:8:      layout_basic, enter_ossuary_3, uniq_maurice
D:9:      wander_river, layout_stronghold, orc_david_3, serial_shops,
          nicolae_shop_behind_doors, nicolae_shop_stone
D:10:     layout_basic, david_lair_shrubbed
Temple:   regret_index_temple_sigil_plot
Lair:1:   lemuel_ratsnest, layout_chaotic_city,
          portal_ice_cave_entry_ice_beasts, grunt_forest_small_clearings,
          minmay_lair_oklob_chamber
IceCv:    ice_cave_caverns_01

Skill      XL: |  1  2  3  4  5  6  7  8  9 10 11 |
---------------+----------------------------------+-----
Conjurations   | 1 2 3 4 6 |  6.0
Air Magic      | 3 4 5 6 7 |  7.0
Spellcasting   | 2 3 4 5 |  5.0
Fighting       | 1 7 10 12 | 12.0
Fire Magic     | 1 4 |  4.0
Bows           | 6 8 |  8.3
Evocations     | 3 |  3.6
Shields        | 2 |  2.9
Dodging        | |  1.3
Stealth        | |  1.1

Action                   |  1- 3 |  4- 6 |  7- 9 | 10-12 || total
-------------------------+-------+-------+-------+-------++-------
Melee: Unarmed           |    29 |       |       |       ||    29
       Kick              |    14 |     6 |    22 |    54 ||    96
       Spear             |    66 |    46 |    87 |       ||   199
       Flail             |       |       |    59 |   280 ||   339
 Cast: Shock             |    46 |   149 |   333 |   315 ||   843
       Static Discharge  |       |       |    12 |     8 ||    20
       Conjure Flame     |       |       |     4 |    12 ||    16
       Airstrike         |       |       |     1 |     6 ||     7
Invok: Curse Item        |       |       |     1 |     1 ||     2
  Use: Scroll            |       |       |     9 |     4 ||    13
 Stab: Sleeping          |     1 |       |       |       ||     1
  Eat: Chunk             |     2 |     6 |     7 |    16 ||    31
       Ration            |       |     1 |     2 |     1 ||     4
Armor: Robe              |    64 |     8 |       |    67 ||   139
       Leather armour    |       |    24 |    31 |       ||    55
       Skin              |       |       |     7 |       ||     7
       Ring mail         |       |       |    71 |   240 ||   311
Dodge: Dodged            |    65 |    45 |   111 |   251 ||   472
       Deflected         |       |     1 |     1 |       ||     2

Table legend:
 A = Non-vault XP
 B = Vault XP
 C = Vault XP percentage of total XP
 D = Non-vault monster count
 E = Vault monster count
 F = Vault count percentage of total count
                 A         B        C        D         E       F
            +---------+---------+-------+---------+---------+-------
      Total |   11641 |    9000 |  43.6 |     285 |      93 |  24.6
            +---------+---------+-------+---------+---------+-------
        D:1 |      65 |       0 |   0.0 |      33 |       0 |   0.0
        D:2 |      99 |       0 |   0.0 |      26 |       0 |   0.0
        D:3 |     207 |     273 |  56.9 |      25 |       2 |   7.4
        D:4 |     397 |     911 |  69.6 |      17 |       4 |  19.0
        D:5 |     973 |       0 |   0.0 |      33 |       0 |   0.0
        D:6 |     901 |     436 |  32.6 |      24 |       9 |  27.3
        D:7 |     697 |     368 |  34.6 |      26 |       2 |   7.1
        D:8 |    1008 |     463 |  31.5 |      33 |       2 |   5.7
        D:9 |    2510 |     410 |  14.0 |      35 |       6 |  14.6
       D:10 |    2733 |     333 |  10.9 |      30 |       1 |   3.2
     Lair:1 |    2051 |     591 |  22.4 |       3 |       4 |  57.1
    Ossuary |       0 |     448 | 100.0 |       0 |      39 | 100.0
      IceCv |       0 |    4767 | 100.0 |       0 |      24 | 100.0
            +---------+---------+-------+---------+---------+-------
